cohdb
Replays
Latest Replays
All Replays
Popular Replays
Top Player Replays
Match Explorer
How It Works
Community
CoH3 Stats
Reddit
Sign in to upload your games and track your stats! →
Sign in with Steam
Match 43037515
Unlisted
Match 43037515
Overview
Messages
Build Orders
End
Construct Section Command Post
Royal Engineer Section
Selects Canadian Shock Battlegroup
Dingo Light Scout Car
Infantry Section
ML 3-inch Mortar Team
Grenade Package
Construct Field Infirmary
Selects Attacking Spirit
Selects Canadian Shock Section
Canadian Shock Section
Selects Incendiary Munitions
Infantry Section
Construct Platoon Command Post
Infantry Training
Selects Pyrotechnics
6-pounder Anti-tank Gun Team
Team Weapon Training
Vickers Machine Gun Team
Construct Company Command Post
Canadian Shock Section
Unlock Towed 17-pounder Anti-tank Guns
Selects Demolition Engineering
Selects Smoke Operation
17-pounder Anti-tank Gun Team
Infantry Section
AI Takeover
Volundur
Voodoo
Bish Bash Bosh
Sandman907
0
0
Comments
sign in to comment!
No comments posted yet!